 Dungeon Crawl Stone Soup version 0.29.1-12-g30fa7ad0bf (webtiles) character file.

Game seed: 18292391739692336573

1066 Kyerz the Cudgeller (level 8, -2/71 HPs)
             Began as a Minotaur Fighter on Jan 2, 2023.
             Was a Believer of Okawaru.
             Killed from afar by a steam dragon (21 damage)
             ... with a ball of steam
             ... on level 5 of the Dungeon.
             The game lasted 00:21:40 (5061 turns).

Kyerz the Cudgeller (Minotaur Fighter)              Turns: 5061, Time: 00:21:40

Health: -2/71      AC: 10    Str: 23    XL:     8   Next: 7%
Magic:  16/16      EV:  7    Int:  5    God:    Okawaru [**....]
Gold:   273        SH:  4    Dex: 10    Spells: 7/7 levels left

rFire   . . .      SeeInvis .   b - +2 whip (venom)
rCold   . . .      Faith    .   c - +0 buckler
rNeg    . . .      Spirit   .   k - +0 chain mail
rPois   .          Reflect  .   (helmet restricted)
rElec   .          Harm     .   (no cloak)
rCorr   .          Rampage  .   (no gloves)
Will    .....                   (no boots)
Stlth   ..........              (no amulet)
HPRegen 0.21/turn               e - ring of magical power
MPRegen 0.15/turn               (no ring)

@: no status effects
A: horns 2, retaliatory headbutt
a: Renounce Religion, Heroism


You were on level 5 of the Dungeon.
You worshipped Okawaru.
Okawaru was pleased with you.
You visited 1 branch of the dungeon, and saw 5 of its levels.

You collected 337 gold pieces.
You spent 64 gold pieces at shops.

Inventory:

Hand Weapons
 a - a +0 war axe
 b - a +2 whip of venom (weapon)
Armour
 c - a +0 buckler (worn)
 k - a +0 chain mail (worn)
Jewellery
 e - a ring of magical power (left hand)
 m - an amulet of faith
 w - a ring of fire
Wands
 q - a wand of light (12)
Scrolls
 f - 2 scrolls of enchant weapon {unknown}
 g - a scroll of teleportation
 i - a scroll of fear {unknown}
 l - a scroll of identify
 o - a scroll of amnesia {unknown}
 s - 2 scrolls of enchant armour {unknown}
 u - a scroll of magic mapping {unknown}
 v - 2 scrolls of vulnerability {unknown}
Potions
 d - 2 potions of might
 h - 2 potions of lignification
 j - a potion of mutation
 n - 2 potions of curing
 p - a potion of degeneration {unknown}
 r - a potion of berserk rage {unknown}
 t - 2 potions of magic


   Skills:
 + Level 6.6 Fighting
 - Level 3.1(5.7) Axes
 * Level 7.5(7.9) Maces & Flails
 + Level 6.6 Armour
 - Level 3.7 Shields


You had 7 spell levels left.
You didn't know any spells.
Your spell library contained the following spells:

 Spells                   Type           Power      Damage    Failure   Level
 Foxfire                  Conj/Fire      0%         2x1d4     99%         1
 Magic Dart               Conj           0%         1d3       99%         1
 Searing Ray              Conj           0%         2d4       100%        2
 Conjure Flame            Conj/Fire      0%         6-21      100%        3
 Inner Flame              Hex/Fire       0%         N/A       100%        3
 Mephitic Cloud           Conj/Pois/Air  0%         N/A       100%        3
 Flame Wave               Conj/Fire      0%         2d4       100%        4
 Fulminant Prism          Conj/Hex       0%         3d6       100%        4
 Call Imp                 Summ           Unusable   N/A       N/A         2

Dungeon Overview and Level Annotations

Branches:
Dungeon (5/15)
 Temple: D:4-7

Altars:
Cheibriados
Okawaru
Xom

Shops:
D:5 *


Innate Abilities, Weirdness & Mutations

You have a pair of horns on your head.
You reflexively headbutt those who attack you in melee.


Message History

The fungus is engulfed in a cloud of scalding steam.
A steam dragon comes into view.
You are engulfed in a cloud of scalding steam.
The steam dragon breathes steam at you. The ball of steam hits you.
The steam dragon breathes steam at you. The ball of steam hits you!
You see here a +0 dagger.
The steam dragon breathes steam at you. The ball of steam hits you!
The fungus is engulfed in a cloud of scalding steam.
The fungus begins to die.
Items here: )))) [[ †††.
There is an open door here.
You completely miss the steam dragon. The steam dragon breathes steam at you.
The ball of steam hits you!
You hear an angry hiss.
You closely miss the steam dragon. You headbutt the steam dragon.
The steam dragon is lightly wounded.
You are engulfed in a cloud of scalding steam.
The steam dragon bites you. You block the steam dragon's attack.
You closely miss the steam dragon.
The steam dragon is lightly wounded.
You are engulfed in a cloud of scalding steam.
You hit the steam dragon but do no damage.
The steam dragon is poisoned.
Your headbutt misses the steam dragon.
The steam dragon is lightly wounded.
You are engulfed in a cloud of scalding steam.
The steam dragon bites you. You block the steam dragon's attack.
You closely miss the steam dragon. Your headbutt misses the steam dragon.
The steam dragon is lightly wounded.
You are engulfed in a cloud of scalding steam.
* * * LOW HITPOINT WARNING * * *
You block the steam dragon's attack.
The steam dragon claws you but does no damage.
Items here: ))) [[ ÷.
The steam dragon breathes steam at you. The ball of steam hits you!!
You die...

####..........#.##....#
###.............#.##....##
..#.##.#.######.#.#.......
#.#.####.# #.#.#..)..## #
######.#......## #<#.#.....#
#.#......######..#######.#.#####
.........).)...#D#.......#)#
##.....D####8#§#########.######
#P.P.P§##.###@#########.##....
#~.~§~§##.'..∩..'.....).......
#~P...###.###.#########.##.###
##.~§.# #..##.#8.# #.##.# #~~D§#
#...#'#..# #.##.# ##.§.#
#........# #.##'### #..~#
#........# #......# #.D.#
#........# #......# #...#
#........# #......#


You could see a steam dragon (very poisoned, catching breath).

Vanquished Creatures
  Prince Ribbit (D:5)
  Sigmund (D:2)
  A steam dragon (D:4)
  A water moccasin (D:4)
  An ogre (D:5)
  A scorpion (D:4)
  A howler monkey (D:3)
  A quasit (D:5)
  2 hounds (D:5)
  An iguana (D:5)
  An orc wizard (D:5)
  An adder (D:3)
  A shadow imp (D:5)
  5 white imps (D:5)
  An ufetubus (D:5)
  2 dart slugs
  2 worms (D:2)
  15 orcs
  8 endoplasms
  3 giant cockroaches
  8 goblins
  5 hobgoblins
  2 jackals (D:4)
  A kobold (D:3)
  3 quokkas
  11 ball pythons
  2 bats
  A frilled lizard (D:2)
  5 rats
88 creatures vanquished.

Vanquished Creatures (others)
  2 demonic plants (D:5)
  13 fungi (D:5)
15 creatures vanquished.

Grand Total: 103 creatures vanquished

Notes
Turn   | Place    | Note
-------+----------+-------------------------------------------
     0 | D:1      | Kyerz the Minotaur Fighter began the quest for the Orb.
     0 | D:1      | Reached XP level 1. HP: 19/19 MP: 0/0
    12 | D:1      | Found a faded altar of an unknown god.
   554 | D:2      | Reached XP level 2. HP: 26/27 MP: 1/1
   908 | D:2      | Noticed Sigmund
  1061 | D:3      | Reached skill level 1 in Maces & Flails
  1061 | D:3      | Reached XP level 3. HP: 33/33 MP: 2/2
  1424 | D:3      | Found an iron altar of Okawaru.
  1430 | D:3      | Became a worshipper of Warmaster Okawaru
  1557 | D:2      | Killed Sigmund
  1557 | D:2      | Reached * piety under Okawaru
  1558 | D:2      | Reached skill level 3 in Maces & Flails
  1558 | D:2      | Reached XP level 4. HP: 31/41 MP: 3/3
  1558 | D:2      | Reached XP level 5. HP: 36/47 MP: 4/4
  1749 | D:2      | Reached skill level 4 in Maces & Flails
  1780 | D:2      | Found a shimmering altar of Xom.
  2212 | D:3      | Reached skill level 5 in Fighting
  2212 | D:3      | Reached skill level 5 in Armour
  2268 | D:3      | Reached XP level 6. HP: 51/56 MP: 5/5
  2651 | D:4      | Noticed a steam dragon
  2751 | D:4      | Found a snail-covered altar of Cheibriados.
  2775 | D:4      | Noticed a water moccasin
  2783 | D:4      | Killed a water moccasin
  2784 | D:4      | Reached skill level 5 in Maces & Flails
  3322 | D:4      | Killed a steam dragon
  3322 | D:4      | Reached ** piety under Okawaru
  3323 | D:4      | Reached skill level 6 in Maces & Flails
  3323 | D:4      | Reached XP level 7. HP: 17/62 MP: 6/6
  3666 | D:5      | Entered Level 5 of the Dungeon
  4559 | D:5      | Found Lontupn's Assorted Antiques.
  4564 | D:5      | Bought a scroll of identify for 64 gold pieces
  4648 | D:5      | Noticed Prince Ribbit
  4674 | D:5      | Killed Prince Ribbit
  4675 | D:5      | Reached skill level 7 in Maces & Flails
  4675 | D:5      | Reached XP level 8. HP: 33/71 MP: 7/7
  5061 | D:5      | Killed from afar by a steam dragon

Illustrated notes

Levels and vault maps discovered:
D:1:      dpeg_arrival_connections, layout_rooms,
          shapermc_ecumenical_altar_starsandcircs, hex_large
D:2:      layout_basic, basic_altar, uniq_sigmund
D:3:      kb_forest_paths, layout_basic, mainiacjoe_overflow_alcove_1,
          minmay_misc_feat_five
D:4:      layout_basic, mainiacjoe_overflow_cross_hatched,
          minmay_stone_trees_small
D:5:      kennysheep_steamy, layout_basic, chequers_temple_overflow_minitemple,
          serial_shops, nicolae_shop_hallway_plus, serial_demonic,
          serial_demonic_e, serial_demonic_a, serial_demonic_c,
          serial_demonic_d, uniq_prince_ribbit1

Skill      XL: |  1  2  3  4  5  6  7 |
---------------+----------------------+-----
Axes           | 3 |  3.1
Fighting       | 4 5 6 |  6.6
Armour         | 4 5 6 |  6.6
Maces & Flails | 1 3 4 6 7 |  7.5
Shields        | |  3.7

Action                   |  1- 3 |  4- 6 |  7- 9 || total
-------------------------+-------+-------+-------++-------
Melee: War axe           |    26 |       |       ||    26
       Headbutt          |    11 |    14 |    12 ||    37
       Whip              |    47 |    68 |    81 ||   196
  Use: Scroll            |     3 |     2 |     1 ||     6
       Potion            |       |     1 |       ||     1
Armor: Chain mail        |    32 |    27 |    23 ||    82
Dodge: Dodged            |    21 |    12 |    14 ||    47
Block: Buckler           |    10 |    13 |     9 ||    32
